 Dungeon Crawl Stone Soup version 0.29.0-7-g18a832c13a (webtiles) character file.

Game seed: 8945602335127886969

395 sanka the Ruffian (level 6, -1/43 (59) HPs)
             Began as a Troll Cinder Acolyte on Aug 30, 2022.
             Was a High Priest of Ignis.
             Slain by Edmund
             ... wielding a +4 flail of draining
              (12 damage)
             ... on level 4 of the Dungeon.
             The game lasted 00:03:47 (2706 turns).

sanka the Ruffian (Troll Cinder Acolyte)            Turns: 2706, Time: 00:03:48

HP:   -1/43 (59)    AC: 11    Str: 23    XL:     6   Next: 52%
MP:   6/6           EV:  9    Int: 10    God:    Ignis [*****.]
Gold: 159           SH:  0    Dex:  7    Spells: 7/7 levels left

rFire   + . .      SeeInvis .     - Unarmed
rCold   . . .      Faith    .   (no shield)
rNeg    . . .      Spirit   .   a - +0 robe
rPois   .          Reflect  .   (helmet restricted)
rElec   .          Harm     .   (no cloak)
rCorr   .          Rampage  .   (gloves unavailable)
Will    .....                   (boots unavailable)
Stlth   +.........              (no amulet)
HPRegen 0.94/turn               (no ring)
MPRegen 0.10/turn               q - ring of flight

@: fiery-armoured, flying, very heavily drained
A: large, unfitting armour, claws 3, regeneration 1, shaggy fur 1, tough skin 1
a: Renounce Religion, Fiery Armour, Foxfire Swarm, Rising Flame


You were on level 4 of the Dungeon.
You worshipped Ignis.
Ignis was extremely pleased with you.
You visited 1 branch of the dungeon, and saw 4 of its levels.

You collected 159 gold pieces.


Innate Abilities, Weirdness & Mutations

You are too large for most types of armour.
You have claws for hands.
Your natural rate of healing is unusually fast.
You are covered in fur. (AC +1)
You have tough skin. (AC +1)


   Skills:
 - Level 2.4 Fighting
 + Level 7.4 Unarmed Combat
 - Level 1.0 Spellcasting
 - Level 2.1 Fire Magic


You had 7 spell levels left.
You didn't know any spells.
Your spell library contained the following spells:

 Spells                   Type           Power      Damage    Failure   Level
 Scorch                   Fire           8%         2d5       22%         2
 Beastly Appendage        Tmut           0%         N/A       34%         1
 Shock                    Conj/Air       0%         1d3       34%         1
 Wereblood                Tmut           0%         N/A       45%         2
 Spider Form              Tmut/Pois      0%         N/A       71%         3
 Olgreb's Toxic Radiance  Pois           0%         N/A       98%         4
 Summon Lightning Spire   Summ/Air       0%         N/A       98%         4
 Alistair's Intoxication  Tmut/Pois      0%         N/A       100%        5

Inventory:

Missiles
 e - 3 javelins (quivered)
Armour
 a - a +0 robe (worn)
Jewellery
 i - a ring of ice
 q - a ring of flight (right claw)
Wands
 j - a wand of acid (7)
Scrolls
 d - a scroll of fog {unknown}
 f - 2 scrolls of teleportation {unknown}
 h - a scroll of fear {unknown}
 k - a scroll of noise {unknown}
 l - 2 scrolls of enchant weapon {unknown}
 m - a scroll of amnesia {unknown}
 n - 2 scrolls of identify {unknown}
 r - a scroll of immolation {unknown}
 t - a scroll of magic mapping {unknown}
Potions
 b - 3 potions of curing {@q1}
 c - a potion of might {unknown}
 g - a potion of berserk rage {unknown}
 o - a potion of resistance {unknown}
 p - 4 potions of heal wounds {unknown}
 s - a potion of degeneration {unknown}

Dungeon Overview and Level Annotations

Branches:
Dungeon (4/15)
 Temple: D:4-7

Altars:
Ashenzari
Yredelemnul

Shops:
D:3 =

Annotations:
D:3 3 runed translucent doors, eelars's ghost, amateur MiFi
D:4 Edmund

▒▒.▒▒▒...▒▒ ▒▒▒...▒
▒.....▒ ▒.....▒ ▒
▒▒....+ .▒ ▒▒▒▒▒▒..†.▒
..▒ ▒.... ▒.........▒
...▒
▒.....▒...▒▒▒▒▒@▒....▒
▒.....▒...▒...T......▒
+▒▒.....▒...▒..........▒
........▒▒'▒▒..........▒
.......................▒
.......................▒
...............<.......▒
.......................▒
▒.......▒▒▒▒▒▒▒▒▒▒......
▒.......▒ ....


You could see Edmund.


Message History

Edmund closely misses you.
You scratch Edmund. You claw Edmund.
Edmund is severely wounded.
Edmund hits you but does no damage.
You feel drained.
You scratch Edmund.
Edmund is severely wounded.
Edmund hits you with a +4 flail of draining!
* * * LOW HITPOINT WARNING * * *
You feel drained.
* * * LOW HITPOINT WARNING * * *
Edmund is burned by your cloak of flames.
Edmund is almost dead.
Okay, then.
It was a potion of curing.
Edmund hits you with a +4 flail of draining.
* * * LOW HITPOINT WARNING * * *
You feel drained.
You scratch Edmund but do no damage.
Edmund is almost dead.
Edmund hits you with a +4 flail of draining.
* * * LOW HITPOINT WARNING * * *
You feel drained.
Edmund is burned by your cloak of flames.
Edmund is almost dead.
You barely miss Edmund.
Edmund is almost dead.
Edmund hits you with a +4 flail of draining!
You die...

Action                   |  1- 3 |  4- 6 || total
-------------------------+-------+-------++-------
Melee: Unarmed           |    93 |   163 ||   256
       Punch             |     1 |     4 ||     5
Invok: Fiery Armour      |       |     1 ||     1
  Use: Potion            |       |     1 ||     1
Armor: Robe              |    23 |    52 ||    75
Dodge: Dodged            |    42 |    69 ||   111

Levels and vault maps discovered:
D:1:      noname_arrival_rooms_in_the_neighbourhood, layout_loops_corners,
          grunt_decor_fettered
D:2:      layout_rooms, minmay_3d_cube, uniq_robin
D:3:      layout_loops_corners, nicolae_yredelemnul_ghost_church,
          cheibrodos_ashenzari_chains, serial_shops, shop, minmay_between
D:4:      layout_gridville, st_stairs_11, grunt_decor_arrowhead, uniq_grinder,
          uniq_edmund, uniq_ijyb

Notes
Turn   | Place    | Note
-------+----------+-------------------------------------------
     0 | D:1      | sanka the Troll Cinder Acolyte began the quest for the Orb.
     0 | D:1      | Reached XP level 1. HP: 22/22 MP: 1/1
   278 | D:1      | Reached XP level 2. HP: 29/29 MP: 2/2
  1084 | D:2      | Reached skill level 4 in Unarmed Combat
  1122 | D:2      | Reached XP level 3. HP: 36/36 MP: 3/3
  1253 | D:2      | Noticed Robin
  1326 | D:2      | Killed Robin
  1327 | D:2      | Reached XP level 4. HP: 26/44 MP: 4/4
  1373 | D:2      | Got Xullo's Anthology of the Squall and the Spider
  1410 | D:2      | Reached skill level 5 in Unarmed Combat
  1774 | D:3      | Found a runed translucent gate.
  1774 | D:3      | Found a runed translucent gate.
  1774 | D:3      | Found a runed translucent gate.
  1774 | D:3      | Noticed eelars's ghost (amateur MiFi)
  1776 | D:3      | Found a basalt altar of Yredelemnul.
  1836 | D:3      | Reached XP level 5. HP: 50/50 MP: 5/5
  1964 | D:3      | Found Buockid's Jewellery Emporium.
  2040 | D:3      | Found a broken altar of Ashenzari.
  2384 | D:3      | Reached skill level 6 in Unarmed Combat
  2559 | D:4      | Noticed a centaur
  2562 | D:4      | Killed a centaur
  2563 | D:4      | Reached XP level 6. HP: 58/59 MP: 6/6
  2645 | D:4      | Reached skill level 7 in Unarmed Combat
  2676 | D:4      | Noticed Edmund
  2703 | D:4      | HP: 4/46 [Edmund/+4 flail of draining (7)]
  2706 | D:4      | Slain by Edmund

Vanquished Creatures
  A centaur (D:4)
  A phantom (D:4)
  An orc priest (D:3)
  A hound (D:4)
  Robin (D:2)
  3 adders
  4 gnolls (D:3)
  An ufetubus (D:4)
  An adder zombie (D:3)
  A worm (D:2)
  3 dart slugs
  6 orcs
  2 bats
  8 endoplasms
  3 giant cockroaches
  11 hobgoblins
  4 jackals (D:2)
  2 quokkas
  2 ball pythons
  5 frilled lizards
  11 goblins
  4 kobolds
  A quokka zombie (D:3)
  8 rats
85 creatures vanquished.
